 Dungeon Sprint DCSS version 0.28.0-47-ge53b351184 (webtiles) character file.

Game seed: 16192572461189420611

194 bromine the Cudgeller (level 5, -2/59 HPs)
             Began as a Troll Berserker on May 9, 2022.
             Was an Elder of Trog.
             Slain by a hornet (5 damage)
             ... in the Dungeon (Sprint IX: "|||||||||||||||||||||||||||||").
             The game lasted 00:01:17 (134 turns).

bromine the Cudgeller (Troll Berserker)              Turns: 134, Time: 00:01:17

Health: -2/59      AC:  6    Str: 27    XL:     5   Next: 44%
Magic:  4/4        EV: 11    Int:  3    God:    Trog [****..]
Gold:   0          SH:  0    Dex:  9    Spells: 4/4 levels left

rFire   . . .      SeeInvis .   a - +0 mace
rCold   . . .      Faith    .   (no shield)
rNeg    . . .      Spirit   .   b - +0 animal skin
rPois   .          Reflect  .   (helmet restricted)
rElec   .          Harm     .   (no cloak)
rCorr   .          Rampage  .   (gloves unavailable)
Will    .....      NoTele   +   (boots unavailable)
Stlth   +.........              (no amulet)
HPRegen 0.99/turn               s - +2 ring of protection
MPRegen 0.09/turn               (no ring)

@: lethally poisoned (-2 -> -3), on berserk cooldown, slowed, very slow
A: large, unfitting armour, claws 3, regeneration 1, shaggy fur 1, tough skin 1
a: Renounce Religion, Berserk, Trog's Hand, Brothers in Arms


You were in the Dungeon.
You worshipped Trog.
Trog was greatly pleased with you.
You visited 1 branch

Inventory:

Hand Weapons
 a - a +0 mace (weapon)
 l - a +2 halberd of protection
 m - a +0 spectral lajatang
 n - a +2 morningstar of protection
 o - a +2 rapier of draining
 p - a +2 scimitar of flaming
 q - a +3 war axe of freezing
Armour
 b - a +0 animal skin (worn)
Jewellery
 r - a +2 ring of evasion
 s - a +2 ring of protection (left claw)
Wands
 j - a wand of iceblast (10)
Scrolls
 h - 2 scrolls of blinking
 k - 2 scrolls of amnesia
Potions
 c - 5 potions of curing
 d - 3 potions of heal wounds
 e - a potion of haste
 f - 4 potions of magic
 g - a potion of berserk rage
 i - a potion of invisibility


   Skills:
 + Level 5.7 Fighting
 + Level 6.8 Maces & Flails
 + Level 5.9 Dodging


You had 4 spell levels left.
You didn't know any spells.
Your spell library was empty.

Dungeon Overview and Level Annotations

Branches:
Dungeon (1/1)

Altars:
Cheibriados
Dithmenos
Elyvilon
Fedhas
Gozag
Hepliaklqana
Kikubaaqudgha
Makhleb
Nemelex Xobeh
Okawaru
Qazlal
Ru
Sif Muna
Trog
Uskayaw
Vehumet
Wu Jian
Xom
Yredelemnul
Zin
The Shining One
Beogh
Jiyva
Lugonu


Innate Abilities, Weirdness & Mutations

You are too large for most types of armour.
You have claws for hands.
Your natural rate of healing is unusually fast.
You are covered in fur. (AC +1)
You have tough skin. (AC +1)


Message History

Your Fighting skill increases to level 5!
Your Maces & Flails skill gained 2 levels and is now at level 6!
Your Dodging skill increases to level 5!
You have reached level 4!
You have reached level 5!
You closely miss the hornet. The hornet stings you.
You feel yourself slow down.
You completely miss the hornet. The hornet barely misses you.
The hornet stings you.
You feel as though you will be slow longer.
You sock the hornet!
The hornet is heavily wounded.
You are no longer berserk.
You are exhausted.
You feel as though you will be slow longer.
The hornet stings you but does no damage.
You closely miss the hornet.
The hornet is heavily wounded.
The hornet stings you!
You are poisoned.
You suddenly lose the ability to move!
The hornet stings you!
You feel as though you will be slow longer.
The hornet stings you.
* * * LOW HITPOINT WARNING * * *
You shrug off the repeated paralysis!
You feel sick.
The hornet stings you but does no damage.
You can move again.
Okay, then.
s - a +2 ring of protection (left claw)
You feel sick. The hornet stings you.
* * * LOW HITPOINT WARNING * * *
You feel as though you will be slow longer.
You fail to use your ability.
You feel sick. The hornet barely misses you. The hornet stings you!
* * * LOW HITPOINT WARNING * * *
You feel as though you will be slow longer.
The hornet closely misses you.
You feel sick. The hornet stings you.
You die... ▓▓▓▓▓▓▓▓▓▓▓▓▓▓▓▓▓▓▓▓▓▓▓▓▓ ...o.yOy@[[[....'________ ▓▓▓▓▓▓▓▓▓▓▓▓▓▓▓▓▓▓▓▓▓▓▓▓▓

You could see a two-headed ogre, a hornet, an orc warrior and a killer bee.

Vanquished Creatures
  A yak (D)
  A hound (D)
  An adder (D)
  A white imp (D)
  An adder skeleton (D)
  A worm (D)
  A dart slug (D)
  A bat zombie (D)
  A hobgoblin (D)
  A bat (D)
  A frilled lizard (D)
  A goblin (D)
12 creatures vanquished.

Notes
Turn   | Place    | Note
-------+----------+-------------------------------------------
     0 | D        | bromine the Troll Berserker began the quest for the Orb.
     0 | D        | Reached XP level 1. HP: 22/22 MP: 0/0
    12 | D        | Reached skill level 3 in Maces & Flails
    13 | D        | Reached ** piety under Trog
    26 | D        | Noticed a hound
    30 | D        | Killed a hound
    31 | D        | Reached skill level 4 in Maces & Flails
    31 | D        | Reached XP level 2. HP: 32/32 MP: 1/1
    31 | D        | Reached XP level 3. HP: 39/39 MP: 2/2
    35 | D        | Reached *** piety under Trog
    64 | D        | Found a snail-covered altar of Cheibriados.
    64 | D        | Found a shadowy altar of Dithmenos.
    64 | D        | Found a white marble altar of Elyvilon.
    64 | D        | Found a blossoming altar of Fedhas.
    64 | D        | Found an opulent altar of Gozag.
    65 | D        | Found a hazy altar of Hepliaklqana.
    66 | D        | Found a viscous altar of Jiyva.
    67 | D        | Found an ancient bone altar of Kikubaaqudgha.
    68 | D        | Found a corrupted altar of Lugonu.
    69 | D        | Found a burning altar of Makhleb.
    70 | D        | Found a sparkling altar of Nemelex Xobeh.
    71 | D        | Found an iron altar of Okawaru.
    72 | D        | Found a stormy altar of Qazlal.
    73 | D        | Found a sacrificial altar of Ru.
    74 | D        | Found a shimmering blue altar of Sif Muna.
    75 | D        | Found a bloodstained altar of Trog.
    76 | D        | Found a hide-covered altar of Uskayaw.
    77 | D        | Found a radiant altar of Vehumet.
    78 | D        | Found an ornate altar of the Wu Jian Council.
    79 | D        | Found a shimmering altar of Xom.
    80 | D        | Found a basalt altar of Yredelemnul.
    81 | D        | Found a glowing silver altar of Zin.
    82 | D        | Found a glowing golden altar of the Shining One.
   114 | D        | Noticed a two-headed ogre
   114 | D        | Noticed an orc warrior
   114 | D        | Noticed a killer bee
   114 | D        | Noticed a hornet
   114 | D        | Noticed a yak
   117 | D        | Reached **** piety under Trog
   126 | D        | Killed a yak
   127 | D        | Reached skill level 5 in Fighting
   127 | D        | Reached skill level 6 in Maces & Flails
   127 | D        | Reached skill level 5 in Dodging
   127 | D        | Reached XP level 4. HP: 52/52 MP: 3/3
   127 | D        | Reached XP level 5. HP: 59/59 MP: 4/4
   130 | D        | Paralysed by a hornet for 2 turns
   133 | D        | HP: 2/59 [hornet (9)]
   134 | D        | Slain by a hornet

Illustrated notes

Levels and vault maps discovered:
D:        linesprint [early_d, line_temple, items_1, d_10, items_2, lair_1,
          lair_end, items_3, orc_1, orc_end, items_4, d_15, swamp_1, shoals_1,
          snake_1, spider_1, d_20, vaults_1, items_5, swamp_end, shoals_end,
          snake_end, spider_end, vaults_end, d_27, items_6, zot_1, zot_end,
          crypt_end, forest_end, elf_end, slime_end, tomb_end, abyss_end,
          pan_hell_end]

Skill      XL: |  1  2  3 |
---------------+----------+-----
Maces & Flails | 4 6 |  6.8
Dodging        | 3 5 |  5.9
Fighting       | 3 5 |  5.7

Action                   |  1- 3 |  4- 6 || total
-------------------------+-------+-------++-------
Melee: Mace              |    51 |     4 ||    55
Invok: Berserk           |     2 |       ||     2
Armor: Animal skin       |    23 |     2 ||    25
Dodge: Dodged            |    33 |     3 ||    36
